 Dungeon Crawl Stone Soup version 0.30-a0-1008-g30c9307041 (webtiles) character file.

Game seed: 9463252601270421135

2 Newt the Shooter (level 1, -2/13 HPs)
             Began as a Kobold Hunter on Apr 5, 2023.
             Frozen to death by an endoplasm (5 damage)
             ... on level 1 of the Dungeon.
             The game lasted 00:00:05 (55 turns).

Newt the Shooter (Kobold Hunter)                      Turns: 55, Time: 00:00:05

Health: -2/13      AC:  3    Str:  8    XL:     1   Next: 44%
Magic:  1/1        EV: 14    Int: 10    God:
Gold:   19         SH:  0    Dex: 18    Spells: 0/0 levels left

rFire   . . .      SeeInvis .    a - +0 shortbow
rCold   . . .      Faith    .    (shield currently unavailable)
rNeg    . . .      Spirit   .    c - +0 leather armour
rPois   .          Reflect  .    (no helmet)
rElec   .          Rampage  .    (no cloak)
rCorr   .                        (no gloves)
Will    .....                    (no boots)
Stlth   +++                      (no amulet)
HPRegen 0.22/turn                (no ring)
MPRegen 0.07/turn                (no ring)

@: no status effects
A: small, no large weapons, nightstalker 3
a: no special abilities


You were on level 1 of the Dungeon.
You visited 1 branch of the dungeon, and saw 1 of its levels.

You collected 19 gold pieces.

Inventory:

Hand Weapons
 a - a +0 shortbow (weapon)
Armour
 c - a +0 leather armour (worn)
Scrolls
 b - a scroll of immolation


   Skills:
 + Level 2.5 Fighting
 - Level 5.3 Ranged Weapons
 - Level 2.4 Dodging
 - Level 1.3 Stealth


You couldn't memorise any spells.
You didn't know any spells.
Your spell library was empty.

Dungeon Overview and Level Annotations

Branches:
Dungeon (1/15)

Altars:


Innate Abilities, Weirdness & Mutations

You are small and have problems with some larger weapons.
You are completely attuned to the shadows.


Message History

The rat is heavily wounded.
You shoot an arrow. The arrow hits the rat!
You kill the rat!
No target in view!
No target in view!
No target in view!
No target in view!
No target in view!
No target in view!
No target in view!
You see here a bat corpse.
You now have 19 gold pieces (gained 6).
Found a sling. 2 endoplasms come into view.
Found a murky clear potion and 6 stones.
Found a faded altar of an unknown god.
You shoot an arrow.
The arrow hits the endoplasm but does no damage.
The endoplasm quivers. x2
A jackal comes into view.
You shoot an arrow. The arrow closely misses the jackal.
You shoot an arrow. The arrow hits the endoplasm.
The endoplasm is heavily wounded.
The jackal misses you. The endoplasm freezes you.
You are frozen.
The endoplasm barely misses you.
You shoot an arrow. The arrow hits the endoplasm!
You kill the endoplasm!
The jackal bites you. The endoplasm closely misses you. The jackal misses you.
You shoot an arrow. The arrow barely misses the jackal.
The jackal misses you. The endoplasm barely misses you. The jackal misses you.
You shoot an arrow. The arrow hits the jackal.
The jackal is severely wounded.
The endoplasm freezes you.
You are frozen.
* * * LOW HITPOINT WARNING * * *
The jackal misses you. The endoplasm freezes you.
You are frozen.
You die...

#### #... #...
########### #...
####.........# #...
...........#.# #...
.#..#.###...# #.†.
#..#.......####...
#@.#..............
...h.J......)........
..................###
......#...#.......# #
(...._#.! #.......# #
.......# # ####### #
## ###.


You could see an endoplasm and a jackal.

Vanquished Creatures
  An endoplasm (D:1)
  A bat (D:1)
  A rat (D:1)
3 creatures vanquished.

Notes
Turn   | Place    | Note
-------+----------+-------------------------------------------
     0 | D:1      | Newt the Kobold Hunter began the quest for the Orb.
     0 | D:1      | Reached XP level 1. HP: 12/12 MP: 1/1
    49 | D:1      | Found a faded altar of an unknown god.
    55 | D:1      | Frozen to death by an endoplasm

Illustrated notes

Levels and vault maps discovered:
D:1:      mrwooster_arrival_arrow, layout_basic,
          hellmonk_ecumenical_altar_lost_god, minmay_tree_intersection,
          minivault_26

Action                     || total
---------------------------++-------
   Fire: Shortbow          ||     9
  Dodge: Dodged            ||     8

Table legend: (Time is in decaauts)
 A = Elapsed time spent in this place.
 B = Non-inter-level travel time spent in this place.
 C = Inter-level travel time spent in this place.
 D = Time resting spent in this place.
 E = Time spent auto-exploring this place.
 F = Levels seen in this place.
 G = Mean time per level.
                   A        B        C        D        E       F      G
               +--------+--------+--------+--------+--------+-----+--------+
         Total |     56 |     56 |      0 |      0 |     43 |   1 |   56.0 |
       Dungeon |     56 |     56 |      0 |      0 |     43 |   1 |   56.0 |
               +--------+--------+--------+--------+--------+-----+--------+

Top non-repeatable levels by time:
     D:1: 56 daAuts
